 Dungeon Crawl Stone Soup version 0.29.1-12-g30fa7ad0bf (webtiles) character file.

Game seed: 16055858258123287101

154 KittyFluff the Trooper (level 5, -1/33 HPs)
             Began as a Gargoyle Berserker on Jan 6, 2023.
             Was a Believer of Trog.
             Killed from afar by an orc wizard (7 damage)
             ... with a puff of flame
             ... on level 3 of the Dungeon.
             The game lasted 00:07:43 (1614 turns).

KittyFluff the Trooper (Gargoyle Berserker)         Turns: 1614, Time: 00:07:43

Health: -1/33      AC:  8    Str: 20    XL:     5   Next: 35%
Magic:  5/5        EV: 10    Int:  8    God:    Trog [**....]
Gold:   134        SH:  7    Dex: 17    Spells: 4/4 levels left

rFire   . . .      SeeInvis .   a - +0 mace
rCold   . . .      Faith    .   h - +0 kite shield
rNeg    + . .      Spirit   .   g - +0 leather armour
rPois   ∞          Reflect  .   (no helmet)
rElec   +          Harm     .   j - +0 cloak
rCorr   .          Rampage  .   (no gloves)
Will    .....                   (no boots)
Stlth   +.........              (no amulet)
HPRegen 0.11/turn               m - +6 ring of dexterity
MPRegen 0.09/turn               (no ring)

@: no status effects
A: sickness immunity, AC +4, negative energy resistance 1, electricity
resistance, torment resistance 1, petrification resistance
a: Renounce Religion, Berserk, Trog's Hand


You were on level 3 of the Dungeon.
You worshipped Trog.
Trog was pleased with you.
You visited 1 branch of the dungeon, and saw 3 of its levels.

You collected 134 gold pieces.

Inventory:

Hand Weapons
 a - a +0 mace (weapon)
 b - a +0 sling
Missiles
 d - 18 stones (quivered)
Armour
 e - a +0 chain mail
 g - a +0 leather armour (worn)
 h - a +0 kite shield (worn)
 j - a +0 cloak (worn)
Jewellery
 m - a +6 ring of dexterity (left hand)
 p - a ring of fire
Scrolls
 l - a scroll of fear {unknown}
 n - a scroll of vulnerability {unknown}
 o - a scroll of brand weapon {unknown}
 q - a scroll of blinking {unknown}
 r - a scroll of enchant armour {unknown}
Potions
 c - a potion of resistance {unknown}
 f - 2 potions of curing {unknown}
 i - 2 potions of heal wounds {unknown}
 k - a potion of mutation {unknown}


   Skills:
 + Level 4.1 Fighting
 + Level 3.7 Maces & Flails
 * Level 4.1 Armour
 + Level 2.3 Dodging


You had 4 spell levels left.
You didn't know any spells.
Your spell library was empty.

Dungeon Overview and Level Annotations

Branches:
Dungeon (3/15)

Altars:
Xom


Innate Abilities, Weirdness & Mutations

You are immune to sickness and miasma.
Your stone body is resilient. (AC +4)
You are immune to poison.
You resist negative energy. (rN+)
You are resistant to electric shocks. (rElec)
You are resistant to unholy torment.
You are immune to petrification.


Message History

The orc wizard hits you but does no damage.
You closely miss the orc wizard. You closely miss the orc.
The orc wizard completely misses you. The orc hits you but does no damage.
The orc barely misses you.
The orc wizard hits you but does no damage.
You hit the orc but do no damage. You block the orc wizard's attack.
The orc hits you with a +0 mace.
You closely miss the orc wizard.
The orc wizard points at you and mumbles some strange words.
You resist with some effort.
You hit the orc.
The orc is heavily wounded.
The orc wizard barely misses you. The orc misses you.
You hit the orc.
You kill the orc!
Trog accepts your kill.
You hit the orc wizard but do no damage.
The orc wizard hits you but does no damage.
The orc hits you with a +0 flail. x2
The orc priest mumbles some strange prayers to Beogh against you.
Beogh smites you!
* * * LOW HITPOINT WARNING * * *
The orc wizard casts a spell at you. The magic dart hits you.
* * * LOW HITPOINT WARNING * * *
You completely miss the orc wizard. The orc wizard completely misses you.
The orc barely misses you.
You miss the orc wizard.
The orc priest casts a cantrip, but nothing happens.
The orc wizard barely misses you. The orc barely misses you.
The orc hits you with a +0 flail.
* * * LOW HITPOINT WARNING * * *
You block the orc wizard's attack.
You completely miss the orc wizard.
The orc wizard hits you but does no damage.
You block the orc's attack.
You hit the orc wizard but do no damage.
The orc wizard casts a spell at you. The puff of flame hits you!
You die...

####### ....... .......
....... ###########
....... #.........#
.......### #.........#
......oo@## #.........#
......?#o.####.........#
.......##...##.........#
....$.. ###..#.........#
....... ##.#.........#
#####.# #.#.........#
#... ##.##.#)######
..#...#...#.#.#
#........#.#######


You could see an orc priest, an orc wizard and an orc.

Vanquished Creatures
  A necrophage (D:2)
  4 adders
  A worm (D:3)
  3 dart slugs
  An orc (D:3)
  2 endoplasms
  4 giant cockroaches
  6 goblins
  4 hobgoblins
  3 quokkas
  8 ball pythons
  2 bats (D:1)
  A frilled lizard (D:1)
  6 kobolds
  4 rats
50 creatures vanquished.

Vanquished Creatures (others)
  A plant (D:1)
1 creature vanquished.

Grand Total: 51 creatures vanquished

Notes
Turn   | Place    | Note
-------+----------+-------------------------------------------
     0 | D:1      | KittyFluff the Gargoyle Berserker began the quest for the
                  | Orb.
     0 | D:1      | Reached XP level 1. HP: 14/14 MP: 1/1
   134 | D:1      | Reached XP level 2. HP: 10/19 MP: 2/2
   447 | D:1      | Found a faded altar of an unknown god.
   570 | D:1      | Reached XP level 3. HP: 23/23 MP: 3/3
   703 | D:1      | Reached ** piety under Trog
   907 | D:2      | Found a shimmering altar of Xom.
   911 | D:2      | Noticed a necrophage
   929 | D:2      | Killed a necrophage
   930 | D:2      | Reached XP level 4. HP: 25/29 MP: 4/4
   988 | D:2      | Reached XP level 5. HP: 33/33 MP: 5/5
  1614 | D:3      | Killed from afar by an orc wizard

Illustrated notes

Levels and vault maps discovered:
D:1:      psy_arrival_heroes, layout_basic,
          shapermc_ecumenical_altar_mp_ritualfount
D:2:      layout_loops_ring, basic_altar
D:3:      layout_rooms, uniq_ijyb

Skill      XL: |  1  2  3  4  5 |
---------------+----------------+-----
Armour         | 3 4 |  4.1
Dodging        | 2 |  2.3
Fighting       | 4 |  4.1
Maces & Flails | |  3.7

Action                   |  1- 3 |  4- 6 || total
-------------------------+-------+-------++-------
Melee: Mace              |   101 |    68 ||   169
       Punch             |     1 |       ||     1
Armor: Animal skin       |    17 |       ||    17
       Leather armour    |    22 |    35 ||    57
Dodge: Dodged            |    58 |    30 ||    88
Block: Kite shield       |    11 |    25 ||    36
